 Dungeon Crawl Stone Soup version 0.22-a0-608-g8a62e23 (webtiles) character file.

242 corax the Sneak (level 5, -9/41 HPs)
             Began as a Demonspawn Assassin on July 9, 2018.
             Killed by divine providence
             ... invoked by an orc priest
              (13 damage)
             ... on level 3 of the Dungeon.
             The game lasted 00:07:21 (2212 turns).

corax the Sneak (Demonspawn Assassin)               Turns: 2212, Time: 00:07:22

Health: -9/41      AC:  8    Str: 11    XL:     5   Next: 82%
Magic:  0/5        EV: 17    Int: 13    God:
Gold:   143        SH:  0    Dex: 15    Spells: 4/4 levels left

rFire    . . .     SeeInvis .   b - +0 hunting sling
rCold    + . .     Gourm    .   (no shield)
rNeg     . . .     Faith    .   c - +0 robe
rPois    .         Spirit   +   (no helmet)
rElec    .         Reflect  .   d - +0 cloak
rCorr    .         Harm     .   o - +0 pair of gloves
MR       .....                  h - +1 pair of boots
Stlth    +++.......             (no amulet)
HPRegen  0.13/turn              l - +4 ring of evasion
MPRegen  0.09/turn              q - ring of protection from cold

@: no status effects
A: claws 1, molten scales 1, magic shield
a: no special abilities


You were on level 3 of the Dungeon.
You were not hungry.

You visited 1 branch of the dungeon, and saw 3 of its levels.

You collected 143 gold pieces.

Inventory:

Hand Weapons
 a - a +2 dagger
 b - a +0 hunting sling (weapon)
 j - a +0 blowgun
Missiles
 e - 18 poisoned needles
 f - 2 curare-tipped needles
 k - 101 stones (quivered)
Armour
 c - a +0 robe (worn)
 d - a +0 cloak (worn)
 h - a +1 pair of boots (worn)
 o - a +0 pair of gloves (worn)
Jewellery
 l - a +4 ring of evasion (left hand)
 q - a ring of protection from cold (right hand)
Scrolls
 n - 2 scrolls of blinking
 p - a scroll of teleportation
 t - a scroll of amnesia
 v - a scroll of remove curse
Potions
 i - a potion of agility
 m - a potion of heal wounds
 r - a potion of curing
 s - a potion of ambrosia {unknown}
 u - a potion of mutation {unknown}
Comestibles
 g - 3 rations


   Skills:
 + Level 3.2 Fighting
 + Level 3.0 Short Blades
 + Level 1.2(2.0) Slings
 - Level 2.4(2.6) Throwing
 + Level 2.3 Dodging
 + Level 4.4 Stealth


You had 4 spell levels left.
You didn't know any spells.
Your spell library was empty.

Dungeon Overview and Level Annotations

Branches:
Dungeon (3/15)

Altars:
Kikubaaqudgha


Innate Abilities, Weirdness & Mutations

You have sharp fingernails.
You are partially covered in molten scales. (AC +2)
When hurt, damage is shared between your health and your magic reserves.


Message History

The orc priest is almost dead.
The orc priest invokes the aid of Beogh against you.
Beogh smites you!
Firing (i - inventory)
k - 102 stones (quivered)
Press: ? - help, Shift-Dir - straight line, f/p - orc priest
Aim: an orc priest (almost dead)
You shoot a stone.
The stone closely misses the orc priest.
The orc priest invokes the aid of Beogh against you.
Beogh smites you!
* * * LOW HITPOINT WARNING * * *
The orc wizard casts a spell at you. The magic dart hits you!
* * * LOW HITPOINT WARNING * * *
Found 13 gold pieces.
The orc wizard mumbles some strange words.
The orc wizard seems to speed up.
The orc priest invokes the aid of Beogh against you.
Beogh smites you!
You die...

###.##..##.##...#
#.....[.#.#.......
#.....##.##..#....#
#.....#[#...##..#...
#.....###........#..
#.........# ......
#######..##
.##########.##
....(..oo.@).#
.(####(.###..#
(.(((o?.###..####.#
(.(#..............#
. #.#..###..######
...#..###[.#
...$.........#
.#.###.####### #. ..


You could see an orc priest, an orc wizard and an orc.

Vanquished Creatures
  2 vampire bats (D:2)
  4 adders
  3 gnolls (D:2)
  2 oozes
  3 worms
  4 leopard geckos
  5 ball pythons
  3 bat skeletons (D:2)
  2 bat zombies (D:2)
  4 giant cockroaches
  6 goblins
  7 hobgoblins
  7 jackals
  A quokka (D:2)
  10 bats
  3 frilled lizards
  4 kobolds
  A quokka zombie (D:2)
  10 rats
81 creatures vanquished.

Notes
Turn   | Place    | Note
-------+----------+-------------------------------------------
     0 | D:1      | corax the Demonspawn Assassin began the quest for the Orb.
     0 | D:1      | Reached XP level 1. HP: 16/16 MP: 1/1
    91 | D:1      | Reached skill level 1 in Dodging
   213 | D:1      | Gained mutation: When hurt, damage is shared between your health and your magic reserves. [demonic ancestry]
   213 | D:1      | Reached XP level 2. HP: 8/22 MP: 2/2
   916 | D:2      | Reached XP level 3. HP: 27/28 MP: 1/3
  1077 | D:2      | Found an ancient bone altar of Kikubaaqudgha.
  1124 | D:2      | Reached skill level 4 in Stealth
  1124 | D:2      | Gained mutation: You have sharp fingernails. [demonic ancestry]
  1124 | D:2      | Reached XP level 4. HP: 24/34 MP: 4/4
  1231 | D:2      | Gained mutation: You are partially covered in molten scales. (AC +2) [demonic ancestry]
  1231 | D:2      | Reached XP level 5. HP: 37/40 MP: 5/5
  1741 | D:2      | Reached skill level 1 in Slings
  2212 | D:3      | Killed from afar by an orc priest

Vault maps used:
D:1:      noname_arrival_rooms_in_the_neighbourhood, minmay_close_crescents
D:2:      kennysheep_vampire_church
D:3:      first_ration, minmay_vboxes, uniq_ijyb

Skill      XL: |  1  2  3  4  5 |
---------------+----------------+-----
Dodging        | 1 2 |  2.3
Short Blades   | 2 3 |  3.0
Throwing       | 2 |  2.4
Stealth        | 4 |  4.4
Fighting       | 3 |  3.2
Slings         | 1 |  1.2

Action                   |  1- 3 |  4- 6 || total
-------------------------+-------+-------++-------
Melee: Dagger            |   192 |       ||   192
 Fire: Hunting sling     |       |   178 ||   178
  Use: Potion            |     2 |       ||     2
       Scroll            |     5 |     3 ||     8
 Stab: Sleeping          |     5 |       ||     5
  Eat: Chunk             |       |     4 ||     4
Armor: Robe              |    63 |    22 ||    85
Dodge: Dodged            |   177 |    89 ||   266

Table legend:
 A = Spawn XP
 B = Non-spawn XP
 C = Spawn XP percentage of total XP
 D = Spawn monster count
 E = Non-spawn monster count
 F = Spawn count percentage of total count
 G = Total turns spent on level
                    A         B        C        D         E        F      G
               +---------+---------+-------+---------+---------+-------+---------
         Total |       0 |     347 |   0.0 |       0 |      81 |   0.0 |  2212
               +---------+---------+-------+---------+---------+-------+---------
           D:1 |       0 |      40 |   0.0 |       0 |      23 |   0.0 |   886
           D:2 |       0 |     250 |   0.0 |       0 |      40 |   0.0 |   956
           D:3 |       0 |      57 |   0.0 |       0 |      18 |   0.0 |   370
               +---------+---------+-------+---------+---------+-------+---------
